 Dungeon Crawl Stone Soup version bcrawl-1.13 (webtiles) character file.

Game seed: 2001455966725411812

249 RedPan the Changer (level 5, -4/40 HPs)
             Began as a Draconian Transmuter on July 25, 2019.
             Killed by divine providence
             ... invoked by an orc priest
              (17 damage)
             ... on level 3 of the Dungeon.
             The game lasted 00:06:29 (2574 turns).

RedPan the Changer (Draconian Transmuter)           Turns: 2574, Time: 00:06:29

Health: -4/40      AC:  7    Str: 12    XL:     5   Next: 87%
Magic:  5/8        EV: 27    Int: 14    God:
Gold:   214        SH:  0    Dex: 12    Spells: 3/9 levels left

rFire    . . .     SeeInvis .     - Unarmed
rCold    . . .     Gourm    .   (no shield)
rNeg     . . .     Faith    .   (armour unavailable)
rPois    .         Spirit   .   (helmet restricted)
rElec    .         Reflect  .   (no cloak)
rCorr    .         Harm     .   b - +1 pair of gloves
MR       .....                  (no boots)
Stlth    +.........             j - amulet of the acrobat
HPRegen  0.13/turn              (no ring)
MPRegen  0.11/turn              (no ring)

@: very slightly contaminated
A: unfitting armour, cold-blooded, AC +5
a: no special abilities


You were on level 3 of the Dungeon.
You were hungry.

You visited 1 branch of the dungeon, and saw 3 of its levels.

You collected 214 gold pieces.

Inventory:

Missiles
 a - 20 arrows
Armour
 b - a +1 pair of gloves (worn)
 e - a +0 buckler
Jewellery
 j - an amulet of the acrobat (around neck)
Potions
 c - 3 potions of lignification
 f - 2 potions of curing {unknown}
 g - a potion of agility
 h - a potion of haste {unknown}
 i - a potion of resistance {unknown}
Comestibles
 d - 3 rations {!d}


   Skills:
 - Level 1.1 Fighting
 - Level 1.7 Dodging
 + Level 3.5 Unarmed Combat
 + Level 2.5 Spellcasting
 + Level 5.0 Transmutations
 - Level 2.2 Poison Magic


You had 3 spell levels left.
You knew the following spells:

 Your Spells              Type           Power        Failure   Level  Hunger
a - Beastly Appendage     Tmut           ###...       3%          1    #......
b - Sticks to Snakes      Tmut           ###.....     4%          2    ###....
c - Spider Form           Tmut/Pois      ##.          16%         3    ###....

Your spell library contained the following spells:

 Spells                   Type           Power        Failure   Level  Hunger
 Ice Form                 Ice/Tmut       #.......     63%         4    #####..
 Blade Hands              Tmut           ###.......   63%         5    ######.


Dungeon Overview and Level Annotations

Branches:
Dungeon (3/12)

Altars:
Nemelex Xobeh
Trog
Uskayaw
Wu Jian


Innate Abilities, Weirdness & Mutations

Your plain brown scales are hard. (AC +5)
You cannot fit into any form of body armour.
You are cold-blooded and may be slowed by cold attacks.


Message History

The adder closely misses you. The kobold barely misses you.
The hound barks!
You are too injured to fight recklessly!
You are too injured to fight recklessly!
You are too injured to fight recklessly!
You are too injured to fight recklessly!
You hear a shout!
The orc priest invokes the aid of Beogh against you.
Beogh smites you! The adder completely misses you.
Casting: Sticks to Snakes (safe; 4% risk of failure)
Confirm with . or Enter, or press ? or * to list all spells.
You miscast Spider Form.
You are very lightly contaminated with residual magic.
The air around you crackles with energy!
The adder closely misses you.
An orc comes into view. It is wielding a +0 whip.
Unknown command.
The orc priest calls down the wrath of Beogh upon you.
Beogh smites you!
You die...

##...## ######.##
... #)# ##[##.#
####...#.######.#
.....#>..........
#.....######..
#.###......# #
#.@####.# #.#S#
#.#.# . #S#
#...oK# #....Sh
#....o.#
........#
.........o


You could see a hound, an orc priest, 3 adders, an orc and a kobold.

Vanquished Creatures
  A hound (D:3)
  An orc priest (D:3)
  2 orc wizards (D:3)
  2 adders (D:3)
  3 oozes
  2 worms
  2 dart slugs (D:1)
  5 leopard geckos
  5 orcs (D:3)
  A giant cockroach (D:2)
  9 goblins
  9 hobgoblins
  3 jackals
  6 kobolds
  5 bats
  5 frilled lizards
  4 rats
65 creatures vanquished.

Vanquished Creatures (collateral kills)
  An orc priest (D:3)
  A worm (D:1)
  2 leopard geckos
  A jackal (D:1)
  2 bats
7 creatures vanquished.

Grand Total: 72 creatures vanquished

Notes
Turn   | Place    | Note
-------+----------+-------------------------------------------
     0 | D:1      | RedPan the Draconian Transmuter began the quest for the
                  | Orb.
     0 | D:1      | Reached XP level 1. HP: 16/16 MP: 3/3
    68 | D:1      | Reached XP level 2. HP: 17/23 MP: 5/5
   168 | D:1      | Reached skill level 3 in Transmutations
   183 | D:1      | Learned a level 2 spell: Sticks to Snakes
   351 | D:1      | Reached XP level 3. HP: 28/28 MP: 6/6
   599 | D:1      | Learned a level 3 spell: Spider Form
  1070 | D:2      | Reached skill level 4 in Transmutations
  1364 | D:2      | Reached skill level 1 in Poison Magic
  1444 | D:2      | Reached XP level 4. HP: 30/35 MP: 4/7
  1564 | D:2      | Found a hide-covered altar of Uskayaw.
  1763 | D:2      | Found a bloodstained altar of Trog.
  1766 | D:2      | Found a sparkling altar of Nemelex Xobeh.
  1769 | D:2      | Found an ornate altar of the Wu Jian Council.
  1951 | D:3      | Reached XP level 5. HP: 30/40 MP: 5/8
  2309 | D:3      | Reached skill level 5 in Transmutations
  2574 | D:3      | Killed from afar by an orc priest

Skill      XL: |  1  2  3  4  5 |
---------------+----------------+-----
Transmutations | 3 4 5 |  5.0
Poison Magic   | 1 2 |  2.2
Fighting       | |  1.1
Dodging        | |  1.7
Unarmed Combat | |  3.5
Spellcasting   | |  2.5

Action                   |  1- 3 |  4- 6 || total
-------------------------+-------+-------++-------
Melee: Unarmed           |   133 |   118 ||   251
       Tailslap          |    15 |    11 ||    26
       Headbutt          |     3 |     3 ||     6
       Kick              |       |     2 ||     2
 Cast: Sticks to Snakes  |     7 |     3 ||    10
       Beastly Appendage |     3 |     4 ||     7
       Spider Form       |       |     1 ||     1
  Use: Scroll            |       |     2 ||     2
 Stab: Sleeping          |     1 |     1 ||     2
  Eat: Chunk             |     2 |     4 ||     6
Armor: Skin              |    39 |    30 ||    69
Dodge: Dodged            |    73 |    75 ||   148
